 Dungeon Crawl Stone Soup version 0.24.0-123-gd5b16e6ec5 (webtiles) character file.

Game seed: 686771384789095478, levelgen mode: deterministic

124 Emblim88 the Ruffian (level 4, -1/41 HPs)
             Began as a Troll Transmuter on Jan 3, 2020.
             Was an Initiate of the Shining One.
             Slain by Sigmund
             ... wielding a +1 scythe of protection
              (11 damage)
             ... on level 5 of the Dungeon.
             The game lasted 00:05:16 (3012 turns).

Emblim88 the Ruffian (Troll Transmuter)             Turns: 3012, Time: 00:05:17

Health: -1/41      AC:  7    Str: 18    XL:     4   Next: 81%
Magic:  4/5        EV: 10    Int: 10    God:    the Shining One [......]
Gold:   203        SH:  0    Dex: 10    Spells: 2/6 levels left

rFire    . . .     SeeInvis .     - Unarmed
rCold    . . .     Gourm    +   (no shield)
rNeg     . . .     Faith    .   b - +0 robe
rPois    .         Spirit   .   (helmet restricted)
rElec    .         Reflect  .   q - +0 cloak
rCorr    .         Harm     .   (gloves unavailable)
MR       .....                  (boots unavailable)
Stlth    +.........             (no amulet)
HPRegen  0.53/turn              (no ring)
MPRegen  0.09/turn              (no ring)

@: appendage (expiring), glowing
A: large, unfitting armour, claws 3, talons 3, fast metabolism 3, gourmand,
regeneration 1, shaggy fur 1, tough skin 3
a: End Transformation, Renounce Religion


You were on level 5 of the Dungeon.
You worshipped the Shining One.
The Shining One was noncommittal.
You were not hungry.
You had grown temporary talons.
You visited 2 branches of the dungeon, and saw 6 of its levels.

You collected 203 gold pieces.

Inventory:

Missiles
 a - 77 arrows
 e - 9 poisoned darts (quivered)
 h - 2 atropa-tipped darts
Armour
 b - a +0 robe (worn)
 q - a +0 cloak (worn)
Wands
 t - a wand of digging (1)
Scrolls
 g - a scroll of noise
 m - a scroll of remove curse
 r - 2 scrolls of amnesia
 s - a scroll of fog
 v - a scroll of teleportation
Potions
 f - a potion of might
 j - 2 potions of berserk rage
 l - a potion of brilliance
 o - a potion of flight
 p - a potion of ambrosia
 w - 2 potions of mutation
Comestibles
 d - 10 rations


   Skills:
 + Level 1.5 Fighting
 + Level 2.2 Dodging
 * Level 4.0 Unarmed Combat
 + Level 1.7 Spellcasting
 + Level 1.9 Transmutations


You had 2 spell levels left.
You knew the following spells:

 Your Spells              Type           Power        Failure   Level  Hunger
a - Beastly Appendage     Tmut           #.....       14%         1    ##.....
b - Spider Form           Tmut/Pois      #.........   54%         3    ####...

Your spell library contained the following spells:

 Spells                   Type           Power        Failure   Level  Hunger
 Sticks to Snakes         Tmut           #.......     22%         2    ###....
 Ice Form                 Ice/Tmut       #.......     91%         4    #####..
 Blade Hands              Tmut           #.........   99%         5    ######.


Dungeon Overview and Level Annotations

Branches:
Dungeon (5/15)             Temple (1/1) D:4

Altars:
Cheibriados
Elyvilon
Gozag
Hepliaklqana
Kikubaaqudgha
Makhleb
Nemelex Xobeh
Okawaru
Ru
Uskayaw
Vehumet
Yredelemnul
The Shining One

Annotations:
D:5 Sigmund


Innate Abilities, Weirdness & Mutations

You are too large for most types of armour.
You have claws for hands.
Your metabolism is lightning-fast.
You like to eat raw meat.
Your natural rate of healing is unusually fast.
You are covered in fur. (AC +1)
You have extremely tough skin. (AC +3)
You have claws for feet.


Message History

Your feet morph into talons.
You feel better. Something hits you!
You miss something. Your kick misses something. You closely miss something.
Your transformation is almost over.
You hear some strange, mumbled words.
Something tries to affect you, but you resist.
You scratch something. Something hits you.
You miss something. You claw something. Something hits you but does no damage.
You scratch something but do no damage. Your kick misses something.
You completely miss something. You claw something! Something hits you.
* * * LOW HITPOINT WARNING * * *
You scratch something. Your kick misses something. You closely miss something.
You hear some strange, mumbled words.
A puff of flame appears from out of thin air!
The puff of flame hits you.
* * * LOW HITPOINT WARNING * * *
You scratch something. Your kick misses something. Something hits you!
You die...

###########
#####.......<.##
#...{$........>#
#.#.@...#.......#
#.........###....#
#.#.⌠.⌠.#.# #...#
#.........# #...#
#.#.....#.# #....
#...._....# ....
#)#..)..#.# ###
#......[..#
#.#.⌠.⌠.#.#


There were no monsters in sight!

Vanquished Creatures
  4 adders
  A shadow imp (D:5)
  An ooze (D:1)
  2 worms
  3 dart slugs
  A leopard gecko (D:1)
  4 orcs
  4 bats
  3 giant cockroaches
  8 goblins
  5 hobgoblins
  5 jackals
  6 kobolds
  A quokka (D:4)
  4 frilled lizards
  A jackal skeleton (D:4)
  7 rats
60 creatures vanquished.

Notes
Turn   | Place    | Note
-------+----------+-------------------------------------------
     0 | D:1      | Emblim88 the Troll Transmuter began the quest for the Orb.
     0 | D:1      | Reached XP level 1. HP: 18/18 MP: 1/1
   159 | D:1      | Reached skill level 1 in Fighting
   159 | D:1      | Reached XP level 2. HP: 27/27 MP: 3/3
   944 | D:2      | Reached XP level 3. HP: 33/33 MP: 4/4
  1713 | D:3      | Reached XP level 4. HP: 39/41 MP: 5/5
  1991 | D:3      | Found a hide-covered altar of Uskayaw.
  1992 | D:3      | Found a sparkling altar of Nemelex Xobeh.
  2023 | D:3      | Found a snail-covered altar of Cheibriados.
  2176 | D:4      | Reached skill level 4 in Unarmed Combat
  2439 | D:4      | Found a staircase to the Ecumenical Temple.
  2456 | Temple   | Entered the Ecumenical Temple
  2553 | Temple   | Became a worshipper of the Shining One
  2966 | D:5      | Entered Level 5 of the Dungeon
  2975 | D:5      | Learned a level 3 spell: Spider Form
  2976 | D:5      | Found a white marble altar of Elyvilon.
  2977 | D:5      | Noticed Sigmund
  3012 | D:5      | Slain by Sigmund

Levels and vault maps discovered:
D:1:      dpeg_arrival_pits, layout_basic, roderic_malta_cross,
          minmay_misc_feat_diagonals, minmay_distorted
D:2:      layout_basic, guppyfry_early_orc_mine
D:3:      layout_rooms, kennysheep_slug_shrine, minitemple, first_ration
D:4:      layout_basic, minmay_temple_entry_drinking_statues
D:5:      layout_layer_cave, elyvilon_altar_5, kennysheep_mini_moat,
          serial_bayou_pond_a, kennysheep_another_room, uniq_sigmund
Temple:   dpeg_three_leaves_temple

Skill      XL: |  1  2  3  4 |
---------------+-------------+-----
Fighting       | 1 |  1.5
Dodging        | 2 |  2.2
Unarmed Combat | 4 |  4.0
Spellcasting   | |  1.7
Transmutations | |  1.9

Action                   |  1- 3 |  4- 6 || total
-------------------------+-------+-------++-------
Melee: Unarmed           |    98 |    59 ||   157
       Punch             |     1 |       ||     1
       Kick              |       |     2 ||     2
 Cast: Beastly Appendage |       |     1 ||     1
  Use: Scroll            |       |    14 ||    14
       Potion            |       |     2 ||     2
 Stab: Sleeping          |       |     1 ||     1
  Eat: Chunk             |    18 |     3 ||    21
       Ration            |       |     1 ||     1
Armor: Robe              |    33 |    17 ||    50
Dodge: Dodged            |    44 |    18 ||    62
